AoeStats
← keno.arevaloeg

Fortress

508369548Analyzed
4v4 RM · 12d ago on Sep 22, 2026· 47m 44s· 8 players
Game mode
Random Map
Map size
Huge
Population
200
Speed
Normal
Resources
Standard
Victory
Conquest
Starting age
Dark Age
Ending age
Imperial Age
RankedLock teamsTeams togetherTeam positionsShared explorationLock speedFull tech treeHidden civsTurbo modeCheats
Victory
Defeat
🇺🇸 Turks · United States
803
+13
🇲🇽 Gurjaras · Mexico
725
+16
🇺🇸 Persians · United States
724
+16
🇲🇽 Khmer · Mexico
721
+16
🇨🇦 Mongols · Canada
841
-19
🇨🇳 Mongols · China
804
-18
🇦🇷 Spanish · Argentina
680
-13
🇨🇳 Britons · China
614
-11
WavyRackz
0:51 Loom
7:40 Feudal Age
8:37 Loom
11:21 Castle Age
12:18 Wheelbarrow
11:51 Double-Bit Axe
11:51 Horse Collar
12:29 Gold Mining
14:47 Bow Saw
16:36 Stone Mining
18:36 Hand Cart
20:23 Gold Shaft Mining
21:59 Scale Barding Armor
22:04 Forging
22:05 Husbandry
22:16 Bloodlines
25:12 Chain Barding Armor
25:28 Iron Casting
28:09 Imperial Age
29:03 Caravan
30:19 Two-Man Saw
29:40 Heavy Plow
30:55 Conscription
29:58 Elite War Elephant
31:45 Blast Furnace
35:10 Plate Barding Armor
Williamjason007
9:35 Feudal Age
15:41 Castle Age
13:52 Horse Collar
14:02 Double-Bit Axe
15:51 Fletching
16:02 Padded Archer Armor
21:50 Thumb Ring
26:10 Imperial Age
24:34 Leather Archer Armor
24:14 Bodkin Arrow
24:41 Gold Mining
26:09 Stone Mining
27:38 Bracer
28:09 Ring Archer Armor
29:32 Heavy Plow
30:40 Elite Janissary
32:50 Ballistics
33:58 Artillery
murphyrh
1:26 Loom
8:52 Feudal Age
14:00 Castle Age
15:24 Double-Bit Axe
15:24 Horse Collar
15:38 Stone Mining
15:39 Gold Mining
24:22 Husbandry
25:48 Stone Shaft Mining
27:00 Gold Shaft Mining
26:30 Heavy Plow
26:43 Bow Saw
27:47 Town Watch
28:39 Wheelbarrow
29:26 Caravan
31:04 Fortified Wall
34:09 Imperial Age
31:56 Hand Cart
31:42 Town Patrol
32:18 Scale Barding Armor
32:13 Scale Mail Armor
32:24 Forging
32:05 Fletching
32:16 Padded Archer Armor
34:05 Tusk Swords
34:40 Ballistics
34:37 Elite Ballista Elephant
35:18 Double Crossbow
35:39 Conscription
36:56 Chemistry
37:09 Heavy Scorpion
37:10 Capped Ram
38:31 Iron Casting
37:52 Bodkin Arrow
38:12 Leather Archer Armor
38:18 Chain Barding Armor
41:33 Siege Ram
42:38 Siege Engineers
43:17 Cavalier
44:12 Bloodlines
keno.arevaloeg
8:46 Feudal Age
7:06 Loom
9:22 Double-Bit Axe
10:46 Wheelbarrow
12:25 Gold Mining
15:36 Castle Age
16:38 Fletching
16:49 Padded Archer Armor
16:17 Elite Skirmisher
23:21 Bow Saw
27:12 Hand Cart
27:53 Loom
31:39 Leather Archer Armor
31:20 Bodkin Arrow
33:23 Scale Barding Armor
33:29 Forging
36:19 Imperial Age
38:43 Elite Elephant Archer
39:48 Horse Collar
40:00 Stone Mining
40:24 Bracer
46:18 Ballistics
46:59 Chemistry
Doimple
7:21 Feudal Age
11:17 Castle Age
9:12 Horse Collar
15:25 Heavy Plow
16:55 Wheelbarrow
16:08 Loom
17:39 Town Watch
19:41 Double-Bit Axe
21:47 Hand Cart
22:23 Town Patrol
24:06 Gold Mining
24:07 Stone Mining
27:45 Fletching
27:55 Padded Archer Armor
29:30 Bow Saw
31:07 Bodkin Arrow
31:27 Leather Archer Armor
31:31 Nomads
37:08 Imperial Age
35:11 Ballistics
34:47 Murder Holes
35:03 Masonry
38:27 Parthian Tactics
38:08 Thumb Ring
38:30 Elite Mangudai
39:40 Bracer
40:34 Drill
43:34 Conscription
43:50 Hoardings
43:36 Conscription
44:48 Gold Shaft Mining
44:48 Stone Shaft Mining
DAMBRO
7:24 Feudal Age
7:45 Horse Collar
8:05 Double-Bit Axe
17:06 Castle Age
cap buscapina 58
12:49 Feudal Age
18:11 Gold Mining
18:16 Stone Mining
18:15 Double-Bit Axe
18:14 Horse Collar
21:12 Castle Age
20:38 Scale Barding Armor
21:41 Forging
30:30 Fortified Wall
33:01 Imperial Age
35:30 Caravan
36:34 Ballistics
37:53 Chemistry
37:11 Heavy Plow
37:25 Bow Saw
唐宋元明清
9:55 Feudal Age
10:40 Horse Collar
10:52 Double-Bit Axe
11:18 Gold Mining
11:51 Stone Mining
16:11 Castle Age
15:46 Fletching
17:22 Bow Saw
17:15 Heavy Plow
18:59 Town Watch
21:30 Wheelbarrow
20:55 Town Patrol
22:11 Town Patrol
26:02 Hand Cart
30:05 Imperial Age
30:07 Bodkin Arrow
30:03 Pikeman
31:42 Gold Shaft Mining
32:09 Two-Man Saw
31:42 Treadmill Crane
32:23 Ballistics
31:52 Arrowslits
34:26 Heavy Scorpion
38:01 Bracer
38:15 Masonry
39:06 Chemistry
38:02 Murder Holes
38:34 Fortified Wall
40:03 Yeomen
40:21 Hoardings
40:01 Elite Longbowman
42:26 Gambesons
42:41 Squires
42:01 Halberdier
42:27 Arson
42:53 Guard Tower
43:37 Caravan
44:55 Padded Archer Armor
45:01 Scale Barding Armor
44:56 Scale Mail Armor
45:07 Forging
45:31 Architecture
45:06 Siege Engineers
Connection lost

Rejoining the realm…

Still unreachable

The connection could not be restored.

Session expired

The server has moved on; the page needs a fresh start.